AoeStats
← Jackow

Arabia

509929050Analyzed
1v1 RM · 4d ago on Sep 28, 2026· 38m 15s· 2 players
Game mode
Random Map
Map size
Tiny (2 player)
Population
200
Speed
Normal
Resources
Standard
Victory
Conquest
Starting age
Dark Age
Ending age
Imperial Age
RankedLock teamsTeams togetherTeam positionsShared explorationLock speedFull tech treeHidden civsTurbo modeCheats
Victory
Defeat
🇭🇰 Chinese · Hong Kong SAR China
1549
+12
🇩🇪 Berbers · Germany
1462
-12
适才相戏耳
0:25 Loom
9:10 Feudal Age
9:39 Double-Bit Axe
9:50 Horse Collar
14:56 Gold Mining
20:32 Castle Age
22:22 Wheelbarrow
21:59 Bow Saw
22:25 Heavy Plow
24:09 Stone Mining
26:15 Stone Shaft Mining
26:31 Town Watch
27:21 Hand Cart
28:34 Gold Shaft Mining
32:47 Imperial Age
31:13 Scale Mail Armor
31:23 Forging
31:16 Squires
31:02 Arson
33:03 Capped Ram
33:07 Elite Fire Lancer
34:47 Conscription
34:50 Chain Mail Armor
35:11 Iron Casting
35:38 Two-Man Saw
35:03 Siege Ram
35:31 Heavy Rocket Cart
Jackow
8:46 Feudal Age
7:02 Loom
9:18 Double-Bit Axe
20:45 Castle Age
19:39 Gold Mining
22:32 Bow Saw
22:34 Horse Collar
25:00 Fletching
25:39 Bodkin Arrow
26:07 Elite Skirmisher
28:27 Padded Archer Armor
29:03 Stone Mining
29:25 Town Watch
31:12 Wheelbarrow
32:36 Hand Cart
33:31 Leather Archer Armor
33:20 Husbandry
33:31 Bloodlines
37:23 Imperial Age
37:45 Imperial Age
36:30 Scale Barding Armor
36:36 Forging
36:52 Light Cavalry
38:26 Ballistics
Connection lost

Rejoining the realm…

Still unreachable

The connection could not be restored.

Session expired

The server has moved on; the page needs a fresh start.